TOP OF THE 1ST |
Lansing Lugnuts batting - Pitching for Mexico City Cerveceros : RHP José Jiménez
|
Pitching: RHP José Jiménez
|
|
Batting: RHB Juan Rico
|
0-0: Called Strike 0-1: Ball 1-1: SINGLE (Flyball, 7S)
|
Batting: RHB Wilson Gómez
|
0-0: Grounds into double play, 6-4-3 (Groundball, 6)
|
Batting: LHB Tom Mullins
|
0-0: Ball 1-0: Ball 2-0: Fly out, F9 (Flyball, 89XD)
|
Top of the 1st over - 0 run(s), 1 hit(s), 0 error(s), 0 left on base; Lansing 0 - Mexico City 0 |
BOTTOM OF THE 1ST |
Mexico City Cerveceros batting - Pitching for Lansing Lugnuts : RHP Ángelo Gusmán
|
Pitching: RHP Ángelo Gusmán
|
|
Batting: RHB Henning Huisman
|
0-0: Ball 1-0: Ball 2-0: Called Strike 2-1: Foul Ball, location: 2F 2-2: Ball 3-2: Foul Ball, location: 2F 3-2: Base on Balls
|
Batting: RHB Rafael González
|
0-0: Ball 1-0: Ball 2-0: Ball 3-0: Called Strike 3-1: SINGLE (Groundball, 3D) Henning Huisman to second Runner from 2nd tries for 3rd, SAFE, no throw or cutoff
|
Batting: RHB Arnold Harmon
|
0-0: Ball 1-0: Ball 2-0: Ball 3-0: Base on Balls Rafael González to second
|
Batting: LHB Eduardo Gómez
|
0-0: Called Strike 0-1: Foul Ball, location: 2F 0-2: Ball 1-2: Strikes out swinging
|
Batting: RHB Hamilton Holbrook
|
0-0: DOUBLE (Line Drive, 78D) Henning Huisman scores Rafael González scores Arnold Harmon to third
|
Batting: RHB Dennis Stephenson
|
0-0: Ground out 5-3 (Groundball, 5)
|
Batting: RHB Pablo Trujillo
|
0-0: Ball 1-0: Foul Ball, location: 2F 1-1: Ball 2-1: Ground out 6-3 (Groundball, 6)
|
Bottom of the 1st over - 2 run(s), 2 hit(s), 0 error(s), 2 left on base; Lansing 0 - Mexico City 2 |
TOP OF THE 2ND |
Lansing Lugnuts batting - Pitching for Mexico City Cerveceros : RHP José Jiménez
|
Batting: RHB Billy Campbell
|
0-0: Ball 1-0: Ball 2-0: DOUBLE (Flyball, 89D)
|
Batting: LHB Sam Barnes
|
0-0: Fly out, F7 (Line Drive, 7S)
|
Batting: RHB Sadao Kimura
|
0-0: Foul Ball, location: 2F 0-1: Called Strike 0-2: Fly out, F7 (Flyball, 7M)
|
Batting: RHB Lu-fang Huie
|
0-0: Called Strike 0-1: Ball 1-1: Foul Ball, location: 2F 1-2: Foul Ball, location: 2F 1-2: Ball 2-2: Foul Ball, location: 2F 2-2: Ball 3-2: DOUBLE (Line Drive, 7LD) Billy Campbell scores
|
Batting: RHB Steve Garneys
|
0-0: Ball 1-0: Foul Ball, location: 2F 1-1: SINGLE (Line Drive, 34D) Lu-fang Huie to third Runner from 3rd tries for Home, SAFE, no throw or cutoff
|
Batting: LHB Alberto Medine
|
0-0: Ball 1-0: Ball 2-0: Foul Ball, location: 2F 2-1: Foul Ball, location: 2F 2-2: Ball 3-2: Strikes out swinging
|
Top of the 2nd over - 2 run(s), 3 hit(s), 0 error(s), 1 left on base; Lansing 2 - Mexico City 2 |
BOTTOM OF THE 2ND |
Mexico City Cerveceros batting - Pitching for Lansing Lugnuts : RHP Ángelo Gusmán
|
Batting: RHB Dave Morgan
|
0-0: Fly out, F4 (Popup, 4MD)
|
Batting: LHB Rubén Díaz
|
0-0: Called Strike 0-1: Called Strike 0-2: SINGLE (Groundball, 34D)
|
Batting: RHB Henning Huisman
|
0-0: Ball 1-0: Called Strike 1-1: Foul Ball, location: 2F 1-2: Strikes out swinging
|
Batting: RHB Rafael González
|
0-0: Called Strike 0-1: Foul Ball, location: 2F 0-2: Ball 1-2: Ball 2-2: Foul Ball, location: 2F 2-2: Ball 3-2: Foul Ball, location: 2F 3-2: SINGLE (Line Drive, 89S) Rubén Díaz to second Rubén Díaz to third
|
Batting: RHB Arnold Harmon
|
0-0: Ball 1-0: Fielders Choice at 2nd, U6 (Groundball, 6M)
|
Bottom of the 2nd over - 0 run(s), 2 hit(s), 0 error(s), 2 left on base; Lansing 2 - Mexico City 2 |
TOP OF THE 3RD |
Lansing Lugnuts batting - Pitching for Mexico City Cerveceros : RHP José Jiménez
|
Batting: RHB Juan Rico
|
0-0: Foul Ball, location: 2F 0-1: Ball 1-1: Swinging Strike 1-2: Fly out, F8 (Flyball, 8LXD)
|
Batting: RHB Wilson Gómez
|
0-0: Ball 1-0: Called Strike 1-1: Foul Ball, location: 2F 1-2: Strikes out swinging
|
Batting: LHB Tom Mullins
|
0-0: Ball 1-0: Ball 2-0: Called Strike 2-1: Called Strike 2-2: Foul Ball, location: 2F 2-2: Ball 3-2: SINGLE (Groundball, 56)
|
Batting: RHB Billy Campbell
|
0-0: Ball 1-0: Foul Ball, location: 2F 1-1: Called Strike 1-2: Ball 2-2: Fielders Choice at 2nd, U6 (Groundball, 6M)
|
Top of the 3rd over - 0 run(s), 1 hit(s), 0 error(s), 1 left on base; Lansing 2 - Mexico City 2 |
BOTTOM OF THE 3RD |
Mexico City Cerveceros batting - Pitching for Lansing Lugnuts : RHP Ángelo Gusmán
|
Batting: LHB Eduardo Gómez
|
0-0: Ball 1-0: Ball 2-0: Swinging Strike 2-1: Foul Ball, location: 2F 2-2: Strikes out looking
|
Batting: RHB Hamilton Holbrook
|
0-0: Ground out 6-3 (Groundball, 6)
|
Batting: RHB Dennis Stephenson
|
0-0: SINGLE (Groundball, 34S)
|
Batting: RHB Pablo Trujillo
|
0-0: Called Strike 0-1: Foul Ball, location: 2F 0-2: Foul Ball, location: 2F 0-2: Ball 1-2: Foul Ball, location: 2F 1-2: Strikes out looking
|
Bottom of the 3rd over - 0 run(s), 1 hit(s), 0 error(s), 1 left on base; Lansing 2 - Mexico City 2 |
TOP OF THE 4TH |
Lansing Lugnuts batting - Pitching for Mexico City Cerveceros : RHP José Jiménez
|
Batting: LHB Sam Barnes
|
0-0: Foul Ball, location: 2F 0-1: Ball 1-1: Ground out 6-3 (Groundball, 6M)
|
Batting: RHB Sadao Kimura
|
0-0: Foul Ball, location: 2F 0-1: Swinging Strike 0-2: Ball 1-2: Ground out 5-3 (Groundball, 56)
|
Batting: RHB Lu-fang Huie
|
0-0: Called Strike 0-1: Foul Ball, location: 2F 0-2: SINGLE (Line Drive, 56D)
|
Batting: RHB Steve Garneys
|
0-0: Called Strike 0-1: Ground out U3 (Groundball, 3)
|
Top of the 4th over - 0 run(s), 1 hit(s), 0 error(s), 1 left on base; Lansing 2 - Mexico City 2 |
BOTTOM OF THE 4TH |
Mexico City Cerveceros batting - Pitching for Lansing Lugnuts : RHP Ángelo Gusmán
|
Batting: RHB Dave Morgan
|
0-0: Ball 1-0: Bunt missed! 1-1: Swinging Strike 1-2: Ball 2-2: Foul Ball, location: 2F 2-2: Ball 3-2: Foul Ball, location: 2F 3-2: Strikes out swinging
|
Batting: LHB Rubén Díaz
|
0-0: Called Strike 0-1: Foul Ball, location: 2F 0-2: Ball 1-2: Strikes out looking
|
Batting: RHB Henning Huisman
|
0-0: Called Strike 0-1: Ball 1-1: Ground out 6-3 (Groundball, 6)
|
Bottom of the 4th over - 0 run(s), 0 hit(s), 0 error(s), 0 left on base; Lansing 2 - Mexico City 2 |
TOP OF THE 5TH |
Lansing Lugnuts batting - Pitching for Mexico City Cerveceros : RHP José Jiménez
|
Batting: LHB Alberto Medine
|
0-0: Called Strike 0-1: Ball 1-1: Ball 2-1: Ball 3-1: SINGLE (Flyball, 7S)
|
Batting: RHB Juan Rico
|
0-0: SINGLE (Groundball, 34) Alberto Medine to second Runner from 2nd tries for 3rd, SAFE, throw made to third
|
Batting: RHB Wilson Gómez
|
0-0: Ball 1-0: Called Strike 1-1: Ball 2-1: Foul Ball, location: 2F 2-2: SINGLE (Line Drive, 6MD) Alberto Medine scores Juan Rico to second
|
Batting: LHB Tom Mullins
|
0-0: Reached on error, E5 (Groundball, 5S) Juan Rico scores Wilson Gómez to third
|
Batting: RHB Billy Campbell
|
0-0: SINGLE (Line Drive, 4MD) Wilson Gómez scores Tom Mullins to third
|
Batting: LHB Sam Barnes
|
0-0: Called Strike 0-1: Fly out, F4 (Line Drive, 4MD) 0-1: Lined into DP, 4-5 (Line Drive, 4MD)
|
Batting: RHB Sadao Kimura
|
0-0: Ball 1-0: Called Strike 1-1: Fly out, F5 (Popup, 5F)
|
Top of the 5th over - 3 run(s), 4 hit(s), 1 error(s), 1 left on base; Lansing 5 - Mexico City 2 |
BOTTOM OF THE 5TH |
Mexico City Cerveceros batting - Pitching for Lansing Lugnuts : RHP Ángelo Gusmán
|
Batting: RHB Rafael González
|
0-0: Ball 1-0: Ball 2-0: Ball 3-0: Called Strike 3-1: Base on Balls
|
Batting: RHB Arnold Harmon
|
0-0: Swinging Strike 0-1: Foul Ball, location: 2F 0-2: Ball 1-2: Ball 2-2: Ball 3-2: Fly out, F8 (Flyball, 8RS)
|
Batting: LHB Eduardo Gómez
|
0-0: Called Strike 0-1: Ball 1-1: Grounds into double play, 1-6-3 (Groundball, 13S)
|
Bottom of the 5th over - 0 run(s), 0 hit(s), 0 error(s), 0 left on base; Lansing 5 - Mexico City 2 |
TOP OF THE 6TH |
Lansing Lugnuts batting - Pitching for Mexico City Cerveceros : RHP José Jiménez
|
Pitching: RHP Josh Schmitt
|
|
Batting: RHB Lu-fang Huie
|
0-0: Ball 1-0: Ball 2-0: Ball 3-0: Base on Balls
|
Batting: RHB Steve Garneys
|
0-0: Ball 1-0: Foul Ball, location: 2F 1-1: Foul Ball, location: 2F 1-2: Ball 2-2: Ball 3-2: Foul Ball, location: 2F 3-2: Strikes out swinging
|
Batting: LHB Alberto Medine
|
0-0: Ball Throwing error on steal attempt, E2 Lu-fang Huie to third 1-0: Ball 2-0: Called Strike 2-1: Called Strike 2-2: Ball 3-2: Fly out, F7 (Flyball, 78S)
|
Batting: RHB Juan Rico
|
0-0: Ball 1-0: Foul Ball, location: 2F 1-1: Ball 2-1: SINGLE (Flyball, 3D) Lu-fang Huie scores
|
Batting: RHB Wilson Gómez
|
0-0: Called Strike 0-1: Ball 1-1: Ball 2-1: Foul Ball, location: 2F 2-2: SINGLE (Line Drive, 8LS) Juan Rico to second
|
Batting: LHB Tom Mullins
|
0-0: Foul Ball, location: 2F 0-1: Ball 1-1: Ball 2-1: Fly out, F6 (Popup, 56D)
|
Top of the 6th over - 1 run(s), 2 hit(s), 1 error(s), 2 left on base; Lansing 6 - Mexico City 2 |
BOTTOM OF THE 6TH |
Mexico City Cerveceros batting - Pitching for Lansing Lugnuts : RHP Ángelo Gusmán
|
Batting: RHB Hamilton Holbrook
|
0-0: Ball 1-0: Foul Ball, location: 2F 1-1: Ball 2-1: Ball 3-1: Base on Balls
|
Batting: RHB Dennis Stephenson
|
0-0: Ball 1-0: Ball 2-0: Called Strike 2-1: Foul Ball, location: 2F 2-2: Ball 3-2: Fly out, F9 (Flyball, 9S) 3-2: Fly out, F9 (Flyball, 9S)
|
Batting: RHB Pablo Trujillo
|
0-0: Called Strike 0-1: Ball 1-1: Ball 2-1: Foul Ball, location: 2F 2-2: Strikes out swinging
|
Pitching: RHP Joe Utter
|
|
Batting: RHB Dave Morgan
|
0-0: Ball 1-0: Called Strike 1-1: Ball 2-1: Ball 3-1: SINGLE (Groundball, 4D) Hamilton Holbrook to second Runner from 2nd tries for 3rd, SAFE, throw made to third
|
Batting: LHB Rubén Díaz
|
0-0: Called Strike 0-1: Ball 1-1: Ground out U3 (Groundball, 3S)
|
Bottom of the 6th over - 0 run(s), 1 hit(s), 0 error(s), 2 left on base; Lansing 6 - Mexico City 2 |
TOP OF THE 7TH |
Lansing Lugnuts batting - Pitching for Mexico City Cerveceros : RHP Josh Schmitt
|
Batting: RHB Billy Campbell
|
0-0: Foul Ball, location: 2F 0-1: Swinging Strike 0-2: Ball 1-2: Ground out 6-3 (Groundball, 6)
|
Batting: LHB Sam Barnes
|
0-0: Called Strike 0-1: Ball 1-1: Called Strike 1-2: Fly out, F9 (Flyball, 9D)
|
Batting: RHB Sadao Kimura
|
0-0: Ball 1-0: Ball 2-0: Called Strike 2-1: Ground out 6-3 (Groundball, 6)
|
Top of the 7th over - 0 run(s), 0 hit(s), 0 error(s), 0 left on base; Lansing 6 - Mexico City 2 |
BOTTOM OF THE 7TH |
Mexico City Cerveceros batting - Pitching for Lansing Lugnuts : RHP Joe Utter
|
Batting: RHB Henning Huisman
|
0-0: Ball 1-0: Ball 2-0: Called Strike 2-1: Ball 3-1: Foul Ball, location: 2F 3-2: Base on Balls
|
Batting: RHB Rafael González
|
0-0: Ball 1-0: Ball 2-0: SINGLE (Line Drive, 78M) Henning Huisman to second
|
Batting: RHB Arnold Harmon
|
0-0: Ground out 5-3 (Groundball, 56S) Henning Huisman to third Rafael González to second
|
Batting: LHB Eduardo Gómez
|
0-0: Fly out, F8 (Flyball, 8LXD) Runner from 3rd tags up, SCORES, no throw Rafael González to third
|
Batting: RHB Hamilton Holbrook
|
0-0: Fly out, F7 (Flyball, 7D)
|
Bottom of the 7th over - 1 run(s), 1 hit(s), 0 error(s), 1 left on base; Lansing 6 - Mexico City 3 |
TOP OF THE 8TH |
Lansing Lugnuts batting - Pitching for Mexico City Cerveceros : RHP Josh Schmitt
|
Pitching: RHP Gil Dickson
|
|
Batting: RHB Lu-fang Huie
|
0-0: Called Strike 0-1: Ball 1-1: Ball 2-1: Fly out, F9 (Flyball, 9M)
|
Batting: RHB Steve Garneys
|
0-0: Ground out 6-3 (Groundball, 6)
|
Batting: LHB Alberto Medine
|
0-0: Foul Ball, location: 2F 0-1: Foul Ball, location: 2F 0-2: SINGLE (Groundball, 4MD)
|
Batting: RHB Juan Rico
|
0-0: Foul Ball, location: 2F 0-1: Called Strike 0-2: Ball 1-2: Strikes out swinging
|
Top of the 8th over - 0 run(s), 1 hit(s), 0 error(s), 1 left on base; Lansing 6 - Mexico City 3 |
BOTTOM OF THE 8TH |
Mexico City Cerveceros batting - Pitching for Lansing Lugnuts : RHP Joe Utter
|
Batting: RHB Dennis Stephenson
|
0-0: Called Strike 0-1: Ball 1-1: Ball 2-1: SINGLE (Line Drive, 8LS)
|
Pitching: RHP Alberto Márquez
|
|
Batting: RHB Pablo Trujillo
|
0-0: Called Strike 0-1: Swinging Strike 0-2: Strikes out swinging
|
Batting: RHB Dave Morgan
|
0-0: Ball 1-0: Ball 2-0: Called Strike 2-1: Ground out 4-3 (Groundball, 4M) Dennis Stephenson to second
|
Batting: LHB Rubén Díaz
|
0-0: Ground out 4-3 (Groundball, 4M)
|
Bottom of the 8th over - 0 run(s), 1 hit(s), 0 error(s), 1 left on base; Lansing 6 - Mexico City 3 |
TOP OF THE 9TH |
Lansing Lugnuts batting - Pitching for Mexico City Cerveceros : RHP Gil Dickson
|
Batting: RHB Wilson Gómez
|
0-0: Called Strike 0-1: Ball 1-1: Ball 2-1: Called Strike 2-2: Ball 3-2: Base on Balls
|
Batting: LHB Tom Mullins
|
0-0: SINGLE (Line Drive, 8RS) Wilson Gómez to second
|
Batting: RHB Billy Campbell
|
0-0: Called Strike 0-1: Ball 1-1: Swinging Strike 1-2: Ball 2-2: Strikes out looking
|
Batting: LHB Sam Barnes
|
0-0: Ball 1-0: Called Strike 1-1: Ball 2-1: Ball 3-1: Foul Ball, location: 2F 3-2: Foul Ball, location: 2F 3-2: Strikes out swinging
|
Batting: RHB Sadao Kimura
|
0-0: Ball 1-0: Ball 2-0: Ground out 5-3 (Groundball, 5L)
|
Top of the 9th over - 0 run(s), 1 hit(s), 0 error(s), 2 left on base; Lansing 6 - Mexico City 3 |
BOTTOM OF THE 9TH |
Mexico City Cerveceros batting - Pitching for Lansing Lugnuts : RHP Alberto Márquez
|
Pitching: RHP Asher Zasko
|
|
Batting: RHB Henning Huisman
|
0-0: Ball 1-0: Foul Ball, location: 2F 1-1: Ball 2-1: Fly out, F8 (Flyball, 8LM)
|
Batting: RHB Rafael González
|
0-0: Called Strike 0-1: Ball 1-1: Fly out, F1 (Line Drive, 15)
|
Batting: RHB Arnold Harmon
|
0-0: Ball 1-0: Ground out 1-3 (Groundball, 13)
|
Bottom of the 9th over - 0 run(s), 0 hit(s), 0 error(s), 0 left on base; Lansing 6 - Mexico City 3 |
|